Map: Eindringling LE

Players

Panda - Winner!

  • Race: Zerg Zerg
  • League: Diamond
  • Spawn Location: 5:00

DNYDNY

  • Race: Protoss Protoss
  • League: Diamond
  • Spawn Location: 11:00

VOD

Have the link to the VOD?

Description

Time

  • Played on: Sept. 9, 2017, 8:29 p.m.
  • Length: 6:13
Show
View Real Time Build Order
Export as new Build Order

Panda Zerg - Winner!

Build Orders: Hatch First 

Get SALT Encoding   

  12  0:01  Drone  
  13  0:12  Overlord  
  13  0:17  Drone  
  14  0:31  Drone x2  
  14  0:34  Drone  
  17  0:53  Hatchery  
  16  0:59  Drone x2  
  16  1:03  Extractor  
  17  1:14  Drone  
  17  1:17  Drone  
  19  1:25  Spawning Pool  
  19  1:29  Drone  
  19  1:39  Drone  
  20  1:49  Overlord  
  20  2:00  Overlord  
  20  2:06  Overlord  
  20  2:12  Queen x2  
  24  2:19  Roach Warren  
  23  2:26  Metabolic Boost  
  23  2:59  Roach  
  23  3:00  Roach x5  
  35  3:12  Roach  
  37  3:13  Overlord  
  37  3:23  Zergling x10  
  42  3:31  Zergling x4  
  44  3:38  Ravager  
  45  3:41  Zergling x4  
  45  3:48  Zergling x4  
  49  3:56  Zergling x6  
  49  3:57  Zergling x2  
  53  4:09  Zergling x2  
  51  4:10  Zergling x6  
  51  4:15  Zergling x2  
  52  4:29  Zergling x4  
  47  4:47  Zergling x8  
  44  4:53  Zergling x2  
  44  4:59  Zergling x2  
  42  5:09  Zergling x4  
  41  5:16  Zergling x2  
  41  5:20  Zergling x2  
  39  5:25  Zergling x6  
  40  5:30  Zergling x6  
  41  5:40  Zergling x4  
  42  5:48  Zergling x4  
Show
View Real Time Build Order
Export as new Build Order

DNYDNY Protoss 

Build Orders:  

Get SALT Encoding   

  12  0:02  Probe (Chrono Boost)  
  13  0:13  Probe (Chrono Boost)  
  14  0:17  Pylon  
  14  0:23  Probe (Chrono Boost)  
  16  0:35  Probe (Chrono Boost)  
  16  0:37  Gateway  
  16  0:46  Probe (Chrono Boost)  
  16  0:47  Assimilator  
  17  0:57  Probe (Chrono Boost)  
  18  0:58  Assimilator  
  18  1:07  Probe (Chrono Boost)  
  18  1:08  Pylon  
  19  1:18  Probe (Chrono Boost)  
  20  1:26  Cybernetics Core  
  20  1:31  Probe (Chrono Boost)  
  21  1:51  Nexus  
  21  2:00  Probe (Chrono Boost)  
  22  2:03  Warp Gate  
  22  2:06  Sentry  
  24  2:14  Mothership Core (Chrono Boost)  
  26  2:17  Pylon  
  26  2:32  Probe (Chrono Boost)  
  26  2:33  Sentry  
  29  2:43  Gateway  
  29  2:45  Gateway  
  29  2:50  Probe (Chrono Boost)  
  30  2:57  Pylon  
  30  3:04  Sentry  
  34  3:05  Probe x2 (Chrono Boost)  
  34  3:16  Probe x2 (Chrono Boost)  
  36  3:26  Probe (Chrono Boost)  
  36  3:27  Probe (Chrono Boost)  
  38  3:32  Sentry x2  
  42  3:37  Probe x2 (Chrono Boost)  
  44  3:45  Pylon  
  44  3:50  Gateway x2  
  44  3:54  Gateway  
  42  4:10  Stalker  
  42  4:11  Stalker x2  
  40  4:38  Stalker x3  
  44  4:56  Pylon x2  
  44  4:58  Pylon x2  
  38  5:03  Stalker  
  36  5:11  Stalker  
  38  5:15  Probe (Chrono Boost)  
  38  5:16  Probe (Chrono Boost)  
  38  5:20  Pylon x2  
  38  5:23  Pylon  
  38  5:26  Probe x2 (Chrono Boost)  
  39  5:31  Stalker  
  39  5:34  Stalker  
  32  5:58  Stalker  
  32  5:59  Stalker  
Tags
 
Matchup
PvZ
Replay Pack
replays1
Spawn Locations
Cross Positions
Add a new tag
Caveats
  • Supply blocks, unpowered buildings, or Contaminate may cause inaccurate times.
  • Supply counts are checked every 10 seconds.